Map: Ascension to Aiur LE

Players

IIIIIIIIIIII

  • Race: Terran Terran
  • Spawn Location: 5:00

lllllllllllI - Winner!

  • Race: Protoss Protoss
  • League: Master
  • Spawn Location: 11:00

VOD

Have the link to the VOD?

Description

Time

  • Played on: Dec. 24, 2017, 6:58 p.m.
  • Length: 29:15
Show
View Real Time Build Order
Export as new Build Order

IIIIIIIIIIII Terran 

Build Orders: MMM Bio 

Get SALT Encoding   

  12  0:00  SCV  
  13  0:13  SCV  
  14  0:17  Supply Depot  
  14  0:25  SCV  
  15  0:39  SCV  
  15  0:42  Barracks  
  16  0:46  Refinery  
  16  0:51  SCV  
  17  1:03  SCV  
  18  1:21  SCV  
  19  1:29  Marine  
  19  1:32  Supply Depot  
  20  1:45  Orbital Command  
  20  1:50  Marine  
  21  2:15  Marine  
  21  2:17  SCV  
  21  2:20  Command Center  
  23  2:29  Supply Depot  
  23  2:44  Supply Depot  
  23  2:50  Marine  
  23  2:51  SCV  
  25  3:03  SCV  
  26  3:08  Barracks, Marine  
  27  3:13  Refinery  
  27  3:15  SCV  
  28  3:27  Barracks Reactor, Factory  
  28  3:37  SCV  
  28  3:38  Orbital Command  
  29  3:43  Engineering Bay  
  29  3:52  Barracks  
  29  3:57  SCV  
  29  3:59  Barracks Tech Lab  
  30  4:05  Marine x2  
  33  4:10  SCV  
  33  4:21  Starport  
  33  4:22  SCV  
  33  4:23  Missile Turret  
  34  4:27  Stimpack  
  34  4:32  Marine  
  34  4:36  SCV  
  36  4:41  Barracks Tech Lab  
  36  4:43  Factory Reactor  
  36  4:50  Orbital Command  
  36  4:55  SCV  
  36  4:59  Missile Turret  
  37  5:03  Concussive Shells  
  37  5:08  Marine, Marauder  
  37  5:12  Supply Depot  
  40  5:16  SCV  
  40  5:19  SCV  
  42  5:21  Marine  
  42  5:28  SCV  
  44  5:31  SCV  
  44  5:33  Medivac  
  47  5:37  Marauder  
  47  5:40  SCV  
  47  5:41  Marauder  
  52  5:44  SCV  
  52  5:48  Terran Infantry Weapons Level 1  
  53  5:52  SCV  
  53  5:54  Supply Depot  
  53  5:56  SCV  
  55  6:04  SCV, Marine, Marauder x2  
  60  6:08  SCV  
  62  6:14  Supply Depot  
  62  6:15  Medivac  
  62  6:16  SCV, Supply Depot  
  65  6:20  SCV  
  66  6:28  SCV  
  66  6:32  Marine, Marauder  
  69  6:33  Combat Shields  
  69  6:35  SCV  
  69  6:36  Marauder, Refinery  
  69  6:37  Refinery  
  69  6:39  Supply Depot  
  73  6:41  Supply Depot  
  73  6:44  Supply Depot  
  73  6:54  Marauder  
  74  7:05  Supply Depot  
  74  7:07  Marine, Supply Depot  
  74  7:08  Marine, Marauder  
  78  7:09  Medivac x2  
  78  7:15  Marauder  
  84  7:18  SCV x2  
  84  7:22  Bunker  
  86  7:28  Engineering Bay  
  86  7:29  Marauder  
  88  7:39  Marine, Marauder  
  88  7:43  Terran Infantry Armor Level 1  
  91  7:46  Marine  
  91  7:47  Armory  
  91  7:50  Marauder  
  92  7:53  Viking  
  94  8:00  Marauder  
  95  8:10  Viking  
  95  8:12  Marauder  
  96  8:16  Starport  
  96  8:22  Marauder  
  96  8:24  Marine x2  
  96  8:25  Viking  
  102  8:30  Supply Depot  
  102  8:31  Supply Depot  
  102  8:32  Supply Depot  
  102  8:42  Viking, Missile Turret  
  102  8:43  Missile Turret  
  102  8:46  Marine  
  103  9:04  Starport Reactor  
  105  9:23  Marine x3  
  105  9:24  Marine  
  109  9:41  Marine x3  
  109  9:42  Marine  
  109  9:44  Factory  
  111  9:58  Barracks x2  
  111  9:59  Marine x4  
  105  10:17  Marine x3  
  98  10:21  Command Center  
  98  10:24  Marine  
  89  10:34  Marine  
  89  10:35  Marine x2, Starport  
  82  10:37  Barracks  
  82  10:38  Barracks x2  
  82  10:39  Barracks  
  82  10:40  SCV  
  82  10:42  Marine  
  82  10:50  Factory Reactor  
  82  10:52  Marine x2  
  82  10:53  Marine  
  82  10:55  Barracks Reactor  
  82  10:56  Barracks Reactor  
  83  11:00  Marine  
  84  11:10  Marine x3  
  84  11:17  Marine  
  81  11:25  Barracks Reactor x3  
  78  11:28  Marine  
  78  11:34  Orbital Command  
  78  11:35  Marine  
  78  11:38  Marine x3  
  78  11:39  Barracks Reactor  
  82  11:42  Marine  
  82  11:46  Marine  
  84  11:48  Orbital Command  
  84  11:52  Medivac x2  
  84  11:53  Marine  
  78  12:02  Marine x3  
  78  12:03  Marine x3  
  78  12:04  SCV  
  78  12:10  Barracks x2  
  78  12:14  Terran Infantry Weapons Level 2, Terran Infantry Armor Level 2  
  74  12:17  Marine x2  
  74  12:20  Marine x2  
  74  12:22  Medivac x2  
  82  12:25  Marine  
  83  12:34  Supply Depot x2  
  83  12:35  Supply Depot  
  83  12:39  Marine x3  
  83  12:40  Marine x2  
  83  12:41  Marine x2  
  90  12:48  Marine  
  91  12:52  Viking x2  
  91  12:57  Marine x2  
  92  13:00  Marine x2, Starport x2  
  92  13:01  Marine x2  
  92  13:03  Factory Reactor  
  96  13:12  Marine x2  
  96  13:14  SCV  
  96  13:15  Marine x2  
  97  13:22  Medivac, Viking, Marine  
  97  13:23  Marine x2  
  104  13:28  Refinery x2  
  104  13:37  Orbital Command  
  101  13:47  Marine, Viking  
  101  13:48  Marine x5  
  107  13:51  Marine x2  
  107  13:53  Medivac  
  108  13:56  Viking  
  102  14:05  Marine x2  
  103  14:11  Supply Depot  
  103  14:15  Supply Depot  
  103  14:20  Supply Depot  
  100  14:33  Viking  
  100  14:36  Viking, Supply Depot  
  102  14:39  Viking  
  96  14:55  Marine  
  96  14:56  Marine, Viking  
  97  15:11  Marine x2  
  97  15:12  SCV, Marine  
  95  15:21  Refinery  
  95  15:22  Refinery  
  95  15:24  Marine x3  
  95  15:26  Viking  
  100  15:34  SCV  
  98  15:44  Marine x2  
  98  15:45  Marine x5  
  98  15:48  SCV  
  104  15:56  Viking, Supply Depot  
  106  15:57  Supply Depot  
  106  15:58  Viking  
  108  16:14  Viking  
  108  16:20  SCV x2, Refinery  
  108  16:21  Refinery  
  108  16:22  Marine  
  108  16:23  Marine x4  
  115  16:32  SCV x2  
  113  16:40  Viking x2  
  113  16:43  Marine  
  113  16:44  SCV x2, Marine x2  
  112  16:56  SCV x2  
  112  16:57  Marine x5  
  114  17:01  Marine x2  
  114  17:02  Marine  
  110  17:19  Supply Depot x2  
  110  17:20  Supply Depot  
  102  17:36  Marine  
  102  17:37  Marine  
  101  17:47  Viking  
  109  18:02  Supply Depot  
  109  18:12  Supply Depot  
  109  18:14  Orbital Command  
  109  18:19  Viking x3  
  109  18:23  Supply Depot  
  109  18:24  Supply Depot x2  
  109  18:30  Supply Depot  
  109  18:32  Supply Depot  
  109  18:42  Starport Reactor  
  109  18:49  Viking  
  109  18:53  Viking  
  111  19:04  Viking  
  111  19:19  Medivac  
  111  19:20  Viking  
  115  19:30  Viking  
  115  19:31  Refinery x2  
  117  19:51  SCV x2  
  119  19:56  Viking x2  
  119  19:57  Viking  
  125  20:03  SCV x2  
  125  20:05  Viking  
  126  20:15  SCV x2, Viking  
  125  20:27  SCV  
  125  20:28  SCV  
  120  20:40  Viking x2  
  122  20:54  Viking  
  88  21:36  Medivac x2  
  88  21:37  Medivac  
  83  21:41  Medivac x3  
  83  21:42  SCV  
  90  21:48  SCV  
  91  21:54  SCV  
  91  22:00  SCV  
  93  22:06  Viking  
  93  22:08  Viking  
  55  22:45  Viking x3  
  54  22:59  Barracks x4  
  54  23:01  Barracks  
  54  23:09  Command Center  
  56  23:17  Viking  
  50  23:52  Starport Tech Lab  
  50  23:58  Command Center  
  50  24:07  Command Center  
  49  24:10  Banshee  
  49  24:11  Cloaking Field  
  52  24:31  SCV  
  52  24:43  SCV  
  53  24:55  SCV  
  50  25:07  SCV  
  45  25:19  SCV  
  45  25:20  SCV  
  47  25:22  Barracks  
  47  25:31  SCV  
  47  25:32  SCV  
  47  25:44  SCV x2  
  48  25:56  SCV x2  
  40  26:07  Command Center  
  40  26:08  SCV  
  24  26:20  SCV  
  18  26:32  SCV, Banshee  
  22  26:44  SCV  
  18  26:56  SCV  
  11  27:48  SCV  
  12  28:01  SCV  
  13  28:13  SCV  
  14  28:23  Barracks  
  14  28:25  SCV  
  15  28:37  SCV  
  16  28:49  SCV  
  17  29:01  SCV, Refinery  
Show
View Real Time Build Order
Export as new Build Order

lllllllllllI Protoss - Winner!

Build Orders: Cannon Rush 

Get SALT Encoding   

  12  0:00  Probe (Chrono Boost)  
  13  0:11  Probe (Chrono Boost)  
  14  0:18  Pylon  
  14  0:21  Probe  
  15  0:36  Probe  
  15  0:42  Forge  
  16  0:48  Probe  
  17  1:00  Probe  
  18  1:11  Pylon  
  18  1:13  Pylon x2  
  18  1:30  Photon Cannon  
  18  1:32  Photon Cannon  
  18  1:33  Pylon  
  17  1:54  Photon Cannon  
  17  2:11  Pylon  
  15  2:18  Probe (Chrono Boost)  
  15  2:20  Assimilator  
  16  2:24  Assimilator  
  16  2:27  Gateway, Probe (Chrono Boost)  
  17  2:35  Probe  
  18  2:48  Probe (Chrono Boost)  
  20  3:00  Probe (Chrono Boost)  
  20  3:02  Photon Cannon  
  20  3:07  Probe (Chrono Boost)  
  20  3:11  Nexus  
  21  3:21  Cybernetics Core  
  21  3:40  Photon Cannon  
  21  3:42  Pylon  
  21  3:46  Probe (Chrono Boost)  
  23  3:55  Probe (Chrono Boost)  
  23  4:15  Stargate  
  23  4:17  Stargate  
  23  4:22  Probe (Chrono Boost)  
  24  4:25  Probe (Chrono Boost)  
  25  4:36  Probe (Chrono Boost)  
  27  4:39  Probe (Chrono Boost)  
  27  4:40  Probe (Chrono Boost)  
  28  4:51  Probe  
  29  4:59  Fleet Beacon  
  29  5:02  Assimilator  
  29  5:03  Probe (Chrono Boost)  
  30  5:08  Assimilator  
  31  5:15  Probe (Chrono Boost)  
  31  5:19  Probe (Chrono Boost)  
  31  5:20  Probe (Chrono Boost)  
  33  5:30  Probe  
  34  5:42  Probe, Tempest  
  41  5:59  Pylon  
  41  6:01  Probe  
  42  6:13  Pylon, Probe  
  43  6:31  Tempest  
  49  6:35  Photon Cannon  
  49  6:39  Pylon  
  49  6:41  Pylon  
  49  6:46  Pylon  
  49  6:53  Photon Cannon  
  49  6:56  Tempest (Chrono Boost)  
  55  7:07  Pylon  
  54  7:18  Shield Battery  
  54  7:20  Probe, Photon Cannon  
  54  7:32  Tempest (Chrono Boost)  
  54  7:33  Probe  
  61  7:45  Probe  
  62  8:10  Tempest  
  68  8:23  Pylon  
  68  8:27  Probe  
  68  8:29  Stargate  
  69  8:39  Probe  
  69  8:41  Pylon, Tempest  
  70  8:42  Pylon x2  
  76  8:51  Probe  
  65  9:07  Tempest  
  69  9:13  Shield Battery  
  69  9:24  Tempest  
  75  10:01  Pylon  
  74  10:18  Tempest  
  74  10:19  Tempest  
  79  10:29  Forge  
  76  11:03  Photon Cannon  
  76  11:05  Photon Cannon  
  76  11:07  Photon Cannon  
  76  11:25  Pylon  
  76  11:57  Tempest  
  76  12:25  Tempest  
  82  12:42  Probe (Chrono Boost)  
  84  12:52  Probe (Chrono Boost)  
  84  12:57  Probe (Chrono Boost)  
  85  13:22  Probe  
  85  13:24  Gateway  
  86  13:34  Probe  
  87  13:54  Tempest  
  93  15:08  Nexus  
  93  15:26  Pylon  
  92  16:23  Nexus  
  92  16:25  Pylon  
  92  16:43  Probe  
  93  16:55  Probe  
  94  17:07  Probe  
  95  17:35  Probe, Tempest x2  
  108  17:38  Pylon  
  108  17:47  Probe  
  109  17:55  Tempest  
  109  17:56  Pylon  
  115  17:59  Pylon  
  115  18:24  Probe  
  116  18:31  Assimilator  
  116  18:36  Probe  
  116  18:38  Tempest  
  123  18:48  Probe  
  124  18:50  Tempest  
  130  19:00  Probe  
  125  19:12  Probe  
  126  19:40  Probe  
  126  19:45  Assimilator  
  127  19:52  Probe  
  84  21:56  Gateway  
  84  21:57  Gateway  
  84  21:59  Gateway  
  84  22:00  Gateway  
  84  22:02  Gateway, Forge  
  84  22:06  Pylon  
  84  22:11  Pylon  
  68  22:44  Nexus  
  68  23:06  Pylon  
  68  23:08  Cybernetics Core  
  67  24:16  Pylon  
  67  24:18  Pylon  
  67  24:21  Pylon  
  67  24:24  Pylon  
  67  24:26  Pylon  
  67  24:27  Pylon  
  67  24:29  Pylon  
  67  24:45  Probe  
  67  24:50  Gateway  
  67  24:52  Gateway  
  68  24:55  Gateway  
  68  24:57  Assimilator  
  68  24:58  Probe  
  69  25:02  Assimilator  
  69  25:17  Probe (Chrono Boost)  
  71  25:28  Probe (Chrono Boost)  
  71  26:09  Probe  
  68  27:04  Pylon  
  68  27:06  Pylon  
  68  27:24  Probe  
Tags
 
Composition
MMM Bio
League
Master
Matchup
PvT
Spawn Locations
Cross Positions
Add a new tag
Caveats
  • Supply blocks, unpowered buildings, or Contaminate may cause inaccurate times.
  • Supply counts are checked every 10 seconds.